 Dungeon Crawl Stone Soup version 0.27-a0-216-g1fbed8a51c (webtiles) character file.

Game seed: 18284714055072107353

1007 knot the Cleaver (level 8, 27/87 HPs)
             Began as a Demonspawn Berserker on Feb 1, 2021.
             Was a Believer of Trog.
             Quit the game on level 5 of the Dungeon.
             The game lasted 00:05:43 (5541 turns).

knot the Cleaver (Demonspawn Berserker)             Turns: 5541, Time: 00:05:44

Health: 27/87      AC:  5    Str: 18    XL:     8   Next: 0%
Magic:  8/8        EV: 11    Int: 11    God:    Trog [**....]
Gold:   262        SH:  0    Dex: 12    Spells: 7/7 levels left

rFire    . . .     SeeInvis .   a - +0 hand axe
rCold    . . .     Faith    .   (no shield)
rNeg     . . .     Spirit   .   m - +0 ring mail
rPois    .         Reflect  .   (helmet restricted)
rElec    .         Harm     .   (no cloak)
rCorr    .         Rampage  .   (no gloves)
Will     .....                  (no boots)
Stlth    ..........             (no amulet)
HPRegen  0.24/turn              (no ring)
MPRegen  0.11/turn              (no ring)

@: berserking, mildly poisoned (27 -> 25), very quick
A: horns 1, spiny 1
a: Renounce Religion, Berserk, Trog's Hand


You were on level 5 of the Dungeon.
You worshipped Trog.
Trog was pleased with you.
You visited 1 branch of the dungeon, and saw 5 of its levels.

You collected 262 gold pieces.

Inventory:

Hand Weapons
 a - a +0 hand axe (weapon)
 b - a +1 flail of protection
Missiles
 f - 160 stones
 l - 56 sling bullets
 n - 6 curare-tipped darts (quivered)
 r - 2 boomerangs of dispersal
Armour
 m - a +0 ring mail (worn)
Scrolls
 c - 3 scrolls of immolation {unknown}
 d - 5 scrolls of identify {unknown}
 e - 4 scrolls of remove curse {unknown}
 g - 3 scrolls of amnesia {unknown}
 i - 2 scrolls of magic mapping {unknown}
 j - a scroll of fear {unknown}
 k - 2 scrolls of enchant armour {unknown}
 q - a scroll of enchant weapon {unknown}
Potions
 h - a potion of brilliance
 o - a potion of attraction
 p - 2 potions of curing {unknown}
 s - a potion of might {unknown}
 t - a potion of cancellation {unknown}
 v - a potion of mutation {unknown}


   Skills:
 - Level 3.0 Fighting
 * Level 8.8 Axes
 * Level 1.3 Throwing
 - Level 1.7 Armour
 - Level 1.7 Dodging


You had 7 spell levels left.
You didn't know any spells.
Your spell library was empty.

Dungeon Overview and Level Annotations

Branches:
Dungeon (5/15)
 Temple: D:4-7

Altars:


Innate Abilities, Weirdness & Mutations

You have a pair of small horns on your head.
You are partially covered in sharp spines.


Message History

You hit the worker ant but do no damage.
Your headbutt misses the worker ant.
The worker ant is severely wounded.
The worker ant bites you!
You are too injured to fight recklessly!
You are too injured to fight recklessly!
You closely miss the worker ant.
You headbutt the worker ant, but do no damage.
The worker ant is severely wounded.
You feel sick. The worker ant bites you.
A red film seems to cover your vision as you go berserk!
You feel yourself moving faster!
You feel mighty!
You feel sick.
The worker ant bites you but does no damage.
You slash the worker ant!
You kill the worker ant!
Trog accepts your kill.
You have reached level 8!
You feel stronger.
Your demonic ancestry asserts itself...
Sharp spines emerge from parts of your body.
Are you sure you want to abandon this character and quit the game? (Confirm with "yes".)

..................
..............[###
.......††......#
....>..<†......#
...............#
###.....###+####
#.....# #
#....?###.#####
#......@†......
#......)†.!....
#.........>....
######...######
#...# #####


There were no monsters in sight!

Vanquished Creatures
  Pikel (D:4)
  Edmund (D:4)
  2 lemures (D:4)
  A scorpion (D:4)
  A howler monkey (D:4)
  A hound (D:4)
  An orc priest (D:4)
  4 worker ants
  4 gnolls
  5 adders
  2 shadow imps
  An ufetubus (D:4)
  A worm (D:3)
  2 dart slugs (D:1)
  3 leopard geckos
  10 orcs
  3 ball pythons (D:1)
  2 giant cockroaches
  6 goblins
  10 hobgoblins
  2 jackals (D:4)
  A quokka (D:5)
  4 bats
  5 frilled lizards
  2 kobolds
  5 rats
80 creatures vanquished.

Vanquished Creatures (others)
  A giant cockroach (D:3)
  A frilled lizard (D:3)
  A rat (D:3)
3 creatures vanquished.

Grand Total: 83 creatures vanquished

Notes
Turn   | Place    | Note
-------+----------+-------------------------------------------
     0 | D:1      | knot the Demonspawn Berserker began the quest for the Orb.
     0 | D:1      | Reached XP level 1. HP: 18/18 MP: 1/1
   126 | D:1      | Reached skill level 3 in Axes
   503 | D:1      | Gained mutation: You have a pair of small horns on your
                  | head. [demonic ancestry]
   503 | D:1      | Reached XP level 2. HP: 23/24 MP: 2/2
   676 | D:1      | Reached XP level 3. HP: 15/29 MP: 3/3
  1140 | D:1      | You fall into a shaft and drop 1 floor!
  1364 | D:2      | Reached skill level 4 in Axes
  2251 | D:3      | Reached ** piety under Trog
  2494 | D:3      | Reached XP level 4. HP: 35/35 MP: 4/4
  2692 | D:3      | HP: 2/52 [gnoll (2)]
  3311 | D:4      | Reached skill level 5 in Axes
  3312 | D:4      | Reached XP level 5. HP: 34/41 MP: 5/5
  3641 | D:4      | Noticed a lemure
  3641 | D:4      | Noticed Pikel
  3641 | D:4      | Noticed a lemure
  3643 | D:4      | Noticed a lemure
  3643 | D:4      | Noticed a lemure
  3657 | D:4      | Killed a lemure
  3668 | D:4      | Killed a lemure
  3671 | D:4      | Killed Pikel
  3672 | D:4      | Reached skill level 7 in Axes
  3672 | D:4      | Reached XP level 6. HP: 32/47 MP: 6/6
  3672 | D:4      | Reached XP level 7. HP: 36/52 MP: 7/7
  4139 | D:4      | Reached skill level 8 in Axes
  4246 | D:4      | Noticed Edmund
  4249 | D:4      | Killed Edmund
  4817 | D:5      | Entered Level 5 of the Dungeon
  5411 | D:5      | Reached skill level 1 in Throwing
  5541 | D:5      | Gained mutation: You are partially covered in sharp spines.
                  | [demonic ancestry]
  5541 | D:5      | Reached XP level 8. HP: 27/58 MP: 8/8
  5541 | D:5      | Quit the game

Illustrated notes

Levels and vault maps discovered:
D:1:      amcnicky_arrival_choice, layout_basic, minivault_23
D:2:      layout_loops_cross
D:3:      layout_basic, lemuel_old_faithful
D:4:      layout_loops_corners, uniq_pikel, uniq_edmund
D:5:      layout_basic, gammafunk_temple_overflow_wave

Skill      XL: |  1  2  3  4  5  6  7 |
---------------+----------------------+-----
Axes           | 3 4 5 7 8 |  8.8
Throwing       | 1 |  1.3
Fighting       | |  3.0
Armour         | |  1.7
Dodging        | |  1.7

Action                   |  1- 3 |  4- 6 |  7- 9 || total
-------------------------+-------+-------+-------++-------
Melee: Hand axe          |   115 |    40 |    68 ||   223
       Headbutt          |     9 |     4 |    10 ||    23
Throw: Dart              |       |       |     4 ||     4
Invok: Berserk           |     3 |     4 |     1 ||     8
       Trog's Hand       |       |     1 |       ||     1
Evoke: Wand              |       |    11 |    13 ||    24
  Use: Potion            |       |     4 |       ||     4
 Stab: Sleeping          |     2 |       |       ||     2
Armor: Animal skin       |    14 |     6 |     1 ||    21
       Skin              |       |     4 |       ||     4
       Ring mail         |       |       |     8 ||     8
Dodge: Dodged            |    66 |    25 |    43 ||   134

Table legend: (Time is in decaauts)
 A = Elapsed time spent in this place.
 B = Non-inter-level travel time spent in this place.
 C = Inter-level travel time spent in this place.
 D = Time resting spent in this place.
 E = Time spent auto-exploring this place.
 F = Levels seen in this place.
 G = Mean time per level.
                   A        B        C        D        E       F      G
               +--------+--------+--------+--------+--------+-----+--------+
         Total |   5606 |   5209 |    397 |   1571 |   3164 |   5 | 1121.2 |
       Dungeon |   5606 |   5209 |    397 |   1571 |   3164 |   5 | 1121.2 |
               +--------+--------+--------+--------+--------+-----+--------+

Top non-repeatable levels by time:
     D:4: 1855 daAuts
     D:1: 1339 daAuts
     D:3: 1269 daAuts
     D:2: 1003 daAuts
     D:5: 138 daAuts
